 Seeded DCSS version 0.28-a0-631-g0446da8ef9 (webtiles) character file.

Game seed: 64532 (custom seed)

9 a11behringer the Sneak (level 1, -1/18 HPs)
             Began as a Demigod Delver on Oct 9, 2021.
             Slain by an adder (2 damage)
             ... on level 5 of the Dungeon.
             The game lasted 00:01:03 (127 turns).

a11behringer the Sneak (Demigod Delver)              Turns: 127, Time: 00:01:03

Health: -1/18      AC:  3    Str: 13    XL:     1   Next: 86%
Magic:  3/3        EV: 12    Int: 12    God:
Gold:   0          SH:  0    Dex: 15    Spells: 0/0 levels left

rFire   . . .      SeeInvis .   a - +0 falchion
rCold   . . .      Faith    .   (no shield)
rNeg    . . .      Spirit   .   b - +0 leather armour
rPois   .          Reflect  .   (no helmet)
rElec   .          Harm     .   (no cloak)
rCorr   .          Rampage  .   (no gloves)
Will    .....                   (no boots)
Stlth   +++.......              (no amulet)
HPRegen 0.06/turn               (no ring)
MPRegen 0.08/turn               (no ring)

@: no status effects
A: high mp 1, forlorn
a: no special abilities


You were on level 5 of the Dungeon.
You visited 1 branch of the dungeon, and saw 2 of its levels.

Inventory:

Hand Weapons
 a - a +0 falchion (weapon)
 h - a +0 long sword
 i - the +3 rapier of Kecaeli {freeze, *Noise Will++}
   (You found it on level 5 of the Dungeon)

   It freezes those it strikes, dealing additional cold damage.
   It can also slow down cold-blooded creatures.
   *Noise:    It may make noises in combat.
   Will:      It greatly increases your willpower.
Armour
 b - a +0 leather armour (worn)
Wands
 g - a wand of digging (3)
Scrolls
 c - a scroll of fog
 d - a scroll of magic mapping
 e - a scroll of fear
Potions
 f - a potion of haste


   Skills:
 + Level 2.8 Fighting
 + Level 1.8 Long Blades
 + Level 1.8 Dodging
 + Level 4.8 Stealth


You couldn't memorise any spells.
You didn't know any spells.
Your spell library was empty.

Dungeon Overview and Level Annotations

Branches:
Dungeon (5/15)
 Temple: D:4-7

Annotations:
D:4 Duvessa


Innate Abilities, Weirdness & Mutations

Your attributes grow dramatically as you level up.
You have an increased reservoir of magic. (+10% MP)
You shall have no god before yourself.


Message History

The adder is almost dead.
The adder bites you. The adder closely misses you.
You barely miss the adder.
The adder is almost dead.
The adder misses you.
You closely miss the adder.
The adder is almost dead.
The adder completely misses you. The adder bites you.
You barely miss the adder.
The adder is almost dead.
The adder bites you. x2
You hit the adder.
You kill the adder!
As you open the door, it creaks loudly!
An adder comes into view.
The adder hisses angrily.
You barely miss the adder. The adder barely misses you.
You barely miss the adder. The adder closely misses you.
The adder bites you but does no damage.
You hit the adder but do no damage. The adder bites you.
* * * LOW HITPOINT WARNING * * *
You are poisoned.
The adder poisons you!
You closely miss the adder.
* * * LOW HITPOINT WARNING * * *
You feel sick. The adder closely misses you. The adder barely misses you.
You hit the adder.
The adder is severely wounded.
* * * LOW HITPOINT WARNING * * *
You feel sick. The adder barely misses you. The adder closely misses you.
You miss the adder.
The adder is severely wounded.
* * * LOW HITPOINT WARNING * * *
You feel sick.
You are no longer poisoned.
The adder closely misses you.
You miss the adder.
The adder is severely wounded.
The adder bites you.
You die...

#.........## +.........'
......... ....... .....
... #S# #.# .# #@# #.# ...
#.# #.# #.. #####.######
#.# ##...###..........#
#.# .......#.#.....#..#
#.# ..............##..#
#.#
Z......#.###.###..######>#
##...###.# #.............#
#.. #.# #.###..########


You could see an adder.

Vanquished Creatures
  An adder (D:5)
1 creature vanquished.

Notes
Turn   | Place    | Note
-------+----------+-------------------------------------------
     0 | D:5      | a11behringer the Demigod Delver began the quest for the
                  | Orb.
     0 | D:5      | Reached XP level 1. HP: 18/18 MP: 3/3
    46 | D:5      | Identified the +3 rapier of Kecaeli {freeze, *Noise Will++}
    56 | D:4      | Noticed Duvessa
   127 | D:5      | Slain by an adder

Illustrated notes

Levels and vault maps discovered:
D:4:      layout_rooms, cheibrodos_worm_habitat, general_overflow_altar,
          old_standard_altar, uniq_grinder, uniq_duvessa
D:5:      layout_loops_corners

Action                   || total
-------------------------++-------
Melee: Falchion          ||    16
Armor: Leather armour    ||     4
Dodge: Dodged            ||    11

Table legend: (Time is in decaauts)
 A = Elapsed time spent in this place.
 B = Non-inter-level travel time spent in this place.
 C = Inter-level travel time spent in this place.
 D = Time resting spent in this place.
 E = Time spent auto-exploring this place.
 F = Levels seen in this place.
 G = Mean time per level.
                   A        B        C        D        E       F      G
               +--------+--------+--------+--------+--------+-----+--------+
         Total |    130 |     53 |     77 |      0 |     22 |   2 |   65.0 |
       Dungeon |    130 |     53 |     77 |      0 |     22 |   2 |   65.0 |
               +--------+--------+--------+--------+--------+-----+--------+

Top non-repeatable levels by time:
     D:5: 128 daAuts
     D:4: 1 daAuts
